 Dungeon Crawl Stone Soup version 0.20-a0-1101-g1de9d76 (webtiles) character file.

197422 George the Fencer (level 17, -9/156 HPs)
             Began as a Minotaur Fighter on May 4, 2017.
             Was the Champion of Makhleb.
             Mangled by an alligator snapping turtle (10 damage)
             ... on level 1 of the Shoals.
             The game lasted 01:19:06 (29331 turns).

George the Fencer (Minotaur Fighter)               Turns: 29331, Time: 01:19:06

Health: -9/156     AC: 29    Str: 25    XL:     17   Next: 77%
Magic:  0/34       EV: 11    Int: 14    God:    Makhleb [******]
Gold:   1812       SH: 27    Dex: 13    Spells: 16/16 levels left

rFire    + . .     SeeInvis .   W - +6 long sword "Yxkiddys" {drain, Int+7}
rCold    + . .     Gourm    .   O - +2 large shield
rNeg     . . .     Faith    .   Y - +6 plate armour of the Many Eyes {rF+ rC+ Int+2}
rPois    +         Spirit   +   A - +2 hat
rElec    .         Reflect  +   E - scarf {Spirit}
rCorr    .         Harm     .   u - +0 pair of gloves
MR       +....                  k - +2 pair of boots
Stlth    ..........             R - +5 amulet of reflection
Regen    0.4/turn               o - ring of magical power
MPRegen  0.3/turn               v - ring of poison resistance

@: engulfed (cannot breathe), mesmerised, heavily drained, very slow
A: retaliatory headbutt, horns 2
}: 1/15 runes: serpentine
a: Minor Destruction, Lesser Servant of Makhleb, Major Destruction, Greater
Servant of Makhleb, Renounce Religion


You were on level 1 of the Shoals.
You worshipped Makhleb.
Makhleb was exalted by your worship.
You were not hungry.

You visited 6 branches of the dungeon, and saw 29 of its levels.

You collected 3327 gold pieces.
You spent 1515 gold pieces at shops.

Inventory:

Hand Weapons
 N - a +3 scimitar of flaming
 W - the +6 long sword "Yxkiddys" (weapon) {drain, Int+7}
   (You bought it in a shop on level 2 of the Orcish Mines)

   A truly terrible weapon, it drains the life of those it strikes.
   It affects your intelligence (+7).
 Z - a +3 double sword
Missiles
 e - 16 javelins (quivered)
 U - 3 throwing nets
 V - 2 silver javelins
Armour
 k - a +2 pair of boots (worn)
 u - a +0 pair of gloves (worn)
 A - a +2 hat (worn)
 E - a scarf of spirit shield (worn)
 O - a +2 large shield (worn)
 Y - the +6 plate armour of the Many Eyes (worn) {rF+ rC+ Int+2}
   (You found it on level 13 of the Dungeon)

   It affects your intelligence (+2).
   It protects you from fire.
   It protects you from cold.
Jewellery
 o - a ring of magical power (left hand)
 v - a ring of poison resistance (right hand)
 R - a +5 amulet of reflection (around neck)
Wands
 a - a wand of lightning (12/15)
 c - a wand of iceblast (8/15)
 d - a wand of lightning (5/15)
 F - a wand of lightning (7/15)
 G - a wand of iceblast (8/15)
 K - a wand of acid (7/15)
 Q - a wand of iceblast (6/15)
Scrolls
 b - a scroll of summoning
 g - a scroll of silence
 m - 13 scrolls of teleportation
 p - 3 scrolls of fog
 r - a scroll of blinking
 s - 4 scrolls of fear
 t - 5 scrolls of identify
 w - 5 scrolls of enchant armour
 y - 4 scrolls of recharging
 C - 6 scrolls of remove curse
 D - 6 scrolls of magic mapping
 H - 5 scrolls of immolation
 I - 5 scrolls of enchant weapon
 P - 2 scrolls of holy word
Potions
 i - 2 potions of agility
 j - 5 potions of flight
 n - 7 potions of heal wounds
 q - a potion of curing
 x - 2 potions of resistance
 B - 3 potions of mutation
 M - 2 potions of might
 S - 3 potions of haste
 T - 2 potions of cancellation
Miscellaneous
 L - a phial of floods
 X - a lamp of fire
Comestibles
 f - 17 bread rations
 h - 11 meat rations
 l - 8 royal jellies
 z - 15 fruits
 J - 2 chunks of flesh


   Skills:
 + Level 15.0(13.2) Fighting
 + Level 17.7(15.7) Long Blades
 + Level 5.9(4.4) Throwing
 + Level 15.2(13.4) Armour
 + Level 13.6(11.8) Dodging
 + Level 15.4(13.5) Shields
 + Level 12.8(11.1) Invocations


You had 16 spell levels left.
You didn't know any spells.

Dungeon Overview and Level Annotations

Branches:
Dungeon (15/15)            Temple (1/1) D:4            Lair (6/6) D:10
 Shoals (1/4) Lair:4        Snake (4/4) Lair:2        Slime (0/5) Lair:5
    Orc (2/2) D:12            Elf (0/3) Orc:2        Vaults (0/5) D:13
 Depths (0/5) D:15

Altars:
Ashenzari
Cheibriados
Dithmenos
Elyvilon
Fedhas
Gozag
Hepliaklqana
Kikubaaqudgha
Makhleb
Nemelex Xobeh
Okawaru
Qazlal
Ru
Sif Muna
Trog
Uskayaw
Vehumet
Wu Jian
Xom
Yredelemnul
Zin
The Shining One
Beogh
Jiyva

Shops:
D:7 [   D:9 *   D:15 ?   Orc:2 *[(=   Snake:2 (   Snake:3 [   Snake:4 }==

Annotations:
D:7 dig


Innate Abilities, Weirdness & Mutations

You reflexively headbutt those who attack you in melee.
You have a pair of horns on your head.


Message History

The merfolk hits you but does no damage.
You block the merfolk's attack.
Your blizzard demon hits the snapping turtle but does no damage.
Your blizzard demon closely misses the snapping turtle.
The merfolk siren chants its luring song.
You block the snapping turtle's attack. The water elemental hits you.
The merfolk hits your blizzard demon from afar with a trident!!
Your unstable footing causes you to fumble your attack.
* * * LOW HITPOINT WARNING * * *
Your lungs strain for air!
The merfolk javelineer throws a javelin.
The javelin hits you!
* * * LOW HITPOINT WARNING * * *
You hear a splash.
The merfolk avatar chants its luring song.
You block the snapping turtle's attack.
The merfolk siren chants a haunting song.
You block the merfolk's attack.
The alligator snapping turtle bites you from afar!
You die...

(.#.. .≈≈≈≈≈ ≈....#
..≈≈P≈≈
≈≈?≈≈.####...≈P≈≈≈
≈.....!....≈≈≈≈≈≈≈≈≈
≈≈.#......≈≈PP≈≈≈≈≈≈≈
≈≈.m..m..m≈≈≈≈≈P≈≈≈≈≈
≈(≈≈≈≈mP)≈≈≈≈P≈≈≈≈≈≈≈
≈≈≈≈≈tE@≈PPP≈≈≈≈≈≈≈≈≈
≈≈≈..m2)≈≈≈≈P≈≈≈≈≈≈≈≈
≈≈≈≈≈≈mttP≈≈≈≈≈≈≈≈≈≈≈
≈≈≈≈≈≈≈m≈≈≈(.≈≈≈≈≈≈≈≈≈
≈.≈≈≈≈≈≈≈...#.≈≈≈≈≈≈≈≈≈
.#..≈≈.....##.≈≈≈≈≈≈≈≈≈≈
#...≈.#.......≈≈≈≈≈≈≈≈≈
##.≈≈....≈≈...≈≈≈≈≈≈≈≈≈
#...≈..≈..≈.≈≈≈..≈≈≈≈≈≈


You could see an alligator snapping turtle, a merfolk avatar, a merfolk
javelineer, 2 snapping turtles, 3 merfolk, a water elemental, 2 merfolk sirens
and a friendly blizzard demon.

Vanquished Creatures
  Vashnia (Snake:4)
  Saint Roka (Orc:1)
  Rupert (D:12)
  Agnes (Snake:2)
  6 nagarajas
  An orc warlord (D:12)
  Aizul (Snake:2)
  A dire elephant (D:15)
  Snorg (D:10)
  A merfolk impaler (Shoals:1)
  Harold (Lair:2)
  3 catoblepae (Lair:6)
  16 naga warriors
  A great orb of eyes (shapeshifter) (D:15)
  9 hydras
  The ghost of theAP the Bludgeoner, a novice MiFi of Okawaru (D:10)
  5 two-headed ogres
  12 anacondas
  2 merfolk aquamancers (Shoals:1)
  A centaur warrior (D:14)
  A tengu warrior (D:15)
  15 death yaks
  3 orc high priests
  8 shock serpents
  Urug (Orc:2)
  9 naga sharpshooters
  Nergalle (Lair:4)
  An iron troll (D:13)
  4 skeletal warriors (D:12)
  2 unseen horrors
  5 salamander mystics
  2 sea snakes (Shoals:1)
  8 naga ritualists
  A harpy (shapeshifter) (D:14)
  Pikel (D:7)
  5 orc knights
  9 mana vipers
  A lindwurm (Lair:6)
  10 ugly things (D:14)
  9 manticores
  2 orc sorcerers (Orc:2)
  10 cyclopes
  A wolf spider (D:15)
  4 deep elf magi
  11 salamanders
  A merfolk siren (Lair:4)
  9 guardian serpents
  31 black mambas
  2 gargoyles
  4 elephants (Lair:4)
  8 naga magi
  4 centaur skeletons
  9 spiny frogs
  An efreet (D:13)
  A rime drake (Lair:4)
  2 tengu conjurers (D:15)
  10 komodo dragons
  A wind drake (Shoals:1)
  A merfolk (Shoals:1)
  6 trolls
  A polar bear (Lair:5)
  10 blink frogs
  Prince Ribbit (D:5)
  14 slime creatures
  4 dream sheep (Lair:6)
  A snapping turtle (Shoals:1)
  11 hippogriffs
  6 wyverns
  63 yaks
  A vampire (D:12)
  5 water elementals
  Grum (D:10)
  A spriggan (D:8)
  A steam dragon (D:14)
  2 basilisks
  9 vampire mosquitoes
  4 hungry ghosts
  3 wargs
  45 nagas
  12 water moccasins
  2 acid dragons
  50 orc warriors
  3 porcupines
  5 sky beasts
  A slave (D:7)
  7 ice beasts
  A phantom (D:7)
  A black bear (D:10)
  13 ogres
  3 centaurs
  7 wolves
  15 crocodiles
  2 big kobolds
  21 bullfrogs
  A water moccasin zombie (D:6)
  A gnoll sergeant (D:5)
  A wyvern zombie (D:10)
  4 scorpions
  9 killer bees
  15 wights
  4 howler monkeys
  5 electric eels
  4 crimson imps
  4 centaur zombies
  8 jellies
  3 bullfrog zombies
  5 hounds
  19 orc priests
  Jessica (D:2)
  2 iguanas
  32 orc wizards
  14 worker ants
  A killer bee zombie (D:10)
  A worker ant zombie (D:6)
  5 gnolls
  15 adders
  4 shadow imps
  An ooze (Lair:5)
  5 adder zombies
  An adder skeleton (D:2)
  A worm (D:2)
  A dart slug (D:3)
  5 leopard geckos
  123 orcs
  15 bats
  A bat skeleton (D:2)
  2 bat zombies (D:2)
  6 giant cockroaches
  8 goblins
  15 hobgoblins
  11 jackals
  8 quokkas
  2 ball pythons
  6 frilled lizards
  2 giant cockroach zombies (D:2)
  14 kobolds
  2 leopard gecko skeletons
  A leopard gecko zombie (D:2)
  3 rats
  A fungus (Lair:6)
998 creatures vanquished.

Vanquished Creatures (collateral kills)
  An orc warlord (D:12)
  2 merfolk impalers (Shoals:1)
  A merfolk aquamancer (Shoals:1)
  A skeletal warrior (D:12)
  A manticore (Shoals:1)
  A hungry ghost (D:12)
  An acid dragon (D:12)
  A hound (D:12)
9 creatures vanquished.

Vanquished Creatures (others)
  A nagaraja (Snake:4)
  Fannar (D:10)
  3 naga sharpshooters (Snake:4)
  A naga (Snake:4)
  5 fungi
  4 plants
15 creatures vanquished.

Grand Total: 1022 creatures vanquished

Notes
Turn   | Place    | Note
-------+----------+-------------------------------------------
     0 | D:1      | George the Minotaur Fighter began the quest for the Orb.
     0 | D:1      | Reached XP level 1. HP: 19/19 MP: 0/0
   199 | D:1      | Reached skill level 3 in Long Blades
   293 | D:1      | Reached XP level 2. HP: 25/26 MP: 1/1
   812 | D:2      | Reached skill level 4 in Long Blades
   856 | D:2      | Reached XP level 3. HP: 31/31 MP: 2/2
   880 | D:2      | Noticed Jessica
   886 | D:2      | Killed Jessica
   886 | D:2      | Reached skill level 5 in Long Blades
  1029 | D:2      | Reached XP level 4. HP: 39/39 MP: 3/3
  1052 | D:2      | Noticed an ice beast
  1091 | D:2      | Killed an ice beast
  1091 | D:2      | Reached skill level 6 in Long Blades
  1091 | D:2      | Reached XP level 5. HP: 7/45 MP: 4/4
  1414 | D:2      | Reached skill level 7 in Long Blades
  1930 | D:2      | Reached XP level 6. HP: 51/51 MP: 5/5
  1949 | D:3      | Reached skill level 8 in Long Blades
  2429 | D:4      | Found a sparkling altar of Nemelex Xobeh.
  2481 | D:4      | Found a staircase to the Ecumenical Temple.
  2500 | Temple   | Entered the Ecumenical Temple
  2574 | Temple   | Became a worshipper of Makhleb the Destroyer
  2759 | D:4      | Reached XP level 7. HP: 58/58 MP: 6/6
  2772 | D:4      | Reached skill level 9 in Long Blades
  2980 | D:5      | Entered Level 5 of the Dungeon
  3046 | D:5      | Found a deep blue altar of Sif Muna.
  3056 | D:5      | Reached skill level 1 in Dodging
  3063 | D:5      | Noticed Prince Ribbit
  3078 | D:5      | Killed Prince Ribbit
  3078 | D:5      | Reached skill level 1 in Invocations
  3341 | D:5      | Found a shadowy altar of Dithmenos.
  3514 | D:5      | Found an iron altar of Okawaru.
  3526 | D:5      | Reached * piety under Makhleb
  3681 | D:5      | Found a blossoming altar of Fedhas.
  3816 | D:5      | Reached XP level 8. HP: 46/67 MP: 8/8
  4144 | D:6      | Reached skill level 10 in Long Blades
  4152 | D:6      | Reached skill level 5 in Armour
  4326 | D:6      | Found a large runed door.
  4326 | D:6      | Found a large runed door.
  4350 | D:6      | Reached skill level 5 in Shields
  4358 | D:6      | Reached skill level 5 in Fighting
  4362 | D:6      | Reached ** piety under Makhleb
  4446 | D:6      | Found an iron altar of Okawaru.
  4515 | D:6      | Found a large runed door.
  4515 | D:6      | Found a large runed door.
  4631 | D:6      | You fall through a shaft for 3 floors!
  4646 | D:9      | Reached XP level 9. HP: 66/74 MP: 10/10
  4735 | D:9      | Found a shattered altar of Ashenzari.
  4823 | D:8      | Reached *** piety under Makhleb
  4823 | D:8      | Reached skill level 11 in Long Blades
  5149 | D:7      | Found Hishey's Armour Shop.
  5246 | D:7      | Noticed Pikel
  5265 | D:7      | Killed Pikel
  5265 | D:7      | Reached skill level 5 in Dodging
  5297 | D:7      | Reached XP level 10. HP: 84/84 MP: 12/12
  5602 | D:7      | Reached skill level 12 in Long Blades
  5736 | D:7      | Reached **** piety under Makhleb
  5865 | D:7      | Found a sacrificial altar of Ru.
  6025 | D:6      | Noticed a two-headed ogre
  6032 | D:6      | Killed a two-headed ogre
  6032 | D:6      | Reached skill level 5 in Invocations
  6127 | D:6      | Identified Epocong's Almanac of Stones and Boosts
  6826 | D:9      | Found Gozag's Platinum Reserve.
  6831 | D:9      | Found an opulent altar of Gozag.
  7214 | D:10     | Entered Level 10 of the Dungeon
  7231 | D:10     | Noticed Fannar
  7276 | D:10     | Killed Fannar
  7276 | D:10     | Reached XP level 11. HP: 70/94 MP: 14/14
  7343 | D:10     | Noticed Snorg
  7361 | D:10     | Killed Snorg
  7696 | D:10     | Noticed Grum
  7722 | D:10     | Killed Grum
  7959 | D:10     | Reached ***** piety under Makhleb
  7963 | D:10     | Noticed theAP's ghost (novice MiFi)
  7973 | D:10     | Killed theAP's ghost
  7973 | D:10     | Reached skill level 13 in Long Blades
  8460 | D:10     | Found a staircase to the Lair.
  9771 | D:12     | Noticed a two-headed ogre
  9783 | D:12     | Killed a two-headed ogre
  9955 | D:12     | Reached XP level 12. HP: 42/105 MP: 10/16
 10251 | D:12     | Noticed Rupert
 10369 | D:12     | Killed Rupert
 10369 | D:12     | Reached skill level 10 in Armour
 10388 | D:12     | Reached skill level 10 in Fighting
 10423 | D:12     | Found a sparkling altar of Nemelex Xobeh.
 10464 | D:12     | Found a staircase to the Orcish Mines.
 10615 | D:12     | Noticed an orc warlord
 10638 | D:12     | Killed an orc warlord
 11039 | D:12     | Reached skill level 10 in Shields
 11496 | D:12     | Reached skill level 14 in Long Blades
 11704 | Lair:1   | Entered Level 1 of the Lair of Beasts
 11980 | Lair:1   | Noticed a seven-headed hydra
 11991 | Lair:1   | Killed a seven-headed hydra
 12622 | Lair:2   | Found a staircase to the Snake Pit.
 12647 | Lair:2   | Got a fine dagger
 12648 | Lair:2   | Identified the +3 dagger "Orb Guardian's Regret" {speed, rF+ MP+9} (You found it on level 2 of the Lair of Beasts)
 12820 | Lair:2   | Noticed a six-headed hydra
 12822 | Lair:2   | Noticed a seven-headed hydra
 12854 | Lair:2   | Killed a six-headed hydra
 12854 | Lair:2   | Reached XP level 13. HP: 114/114 MP: 18/18
 12913 | Lair:2   | Noticed Harold
 12948 | Lair:2   | Killed Harold
 14252 | Lair:4   | Noticed Nergalle
 14266 | Lair:4   | Killed Nergalle
 14476 | Lair:4   | Found a staircase to the Shoals.
 14481 | Lair:4   | Identified Olanot's Volume of Floating Intoxication
 14491 | Lair:4   | Reached ****** piety under Makhleb
 14547 | Lair:4   | Reached skill level 10 in Dodging
 15244 | Lair:5   | Found a runed door.
 15245 | Lair:5   | Found a viscous altar of Jiyva.
 15250 | Lair:5   | Found a staircase to the Slime Pits.
 15389 | Lair:5   | Reached XP level 14. HP: 125/125 MP: 20/20
 15786 | Lair:6   | Entered Level 6 of the Lair of Beasts
 15791 | Lair:6   | Reached skill level 15 in Long Blades
 16292 | Lair:6   | Reached skill level 10 in Invocations
 17236 | Lair:6   | Identified Myzolive's Advanced Guide to Magic
 17551 | Orc:1    | Entered Level 1 of the Orcish Mines
 17739 | Orc:1    | Noticed an orc warlord
 17808 | D:12     | Killed an orc warlord
 18255 | Orc:2    | Entered Level 2 of the Orcish Mines
 18270 | Orc:2    | Found a staircase to the Elven Halls.
 18655 | Orc:2    | Noticed Saint Roka
 18745 | Orc:1    | Killed Saint Roka
 19058 | Orc:2    | Reached XP level 15. HP: 69/134 MP: 15/21
 19460 | Orc:2    | Noticed Urug
 19477 | Orc:2    | Killed Urug
 19609 | Orc:2    | Found a roughly hewn altar of Beogh.
 19629 | Orc:2    | Found Jempym's Jewellery Shoppe.
 19638 | Orc:2    | Found Iggosya's Antique Armour Shoppe.
 19844 | Orc:2    | Found Hoirch's Antique Weapon Shoppe.
 19859 | Orc:2    | Found Ykoif's General Store.
 19866 | Orc:2    | Bought a scroll of identify for 30 gold pieces
 19866 | Orc:2    | Bought a scroll of amnesia for 52 gold pieces
 20017 | Orc:2    | Bought a heavily runed scale mail for 171 gold pieces
 20027 | Orc:2    | Identified the cursed +0 scale mail of Loss {rC++ Str+3 Dex+2} (You bought it in a shop on level 2 of the Orcish Mines)
 20043 | Orc:2    | Bought a crystal long sword for 255 gold pieces
 20049 | Orc:2    | Identified the +6 long sword "Yxkiddys" {drain, Int+7} (You bought it in a shop on level 2 of the Orcish Mines)
 20544 | D:13     | Reached skill level 16 in Long Blades
 20655 | D:13     | Found a gate to the Vaults.
 20710 | D:13     | Got a heavily runed plate armour
 20721 | D:13     | Identified the +6 plate armour of the Many Eyes {rF+ rC+ Int+2} (You found it on level 13 of the Dungeon)
 22095 | D:15     | Entered Level 15 of the Dungeon
 22238 | D:15     | Found Beazxau's Magic Scroll Shop.
 22355 | D:15     | Bought a scroll of identify for 28 gold pieces
 22355 | D:15     | Bought a scroll of identify for 28 gold pieces
 22355 | D:15     | Bought a scroll of identify for 28 gold pieces
 22355 | D:15     | Bought a scroll of magic mapping for 49 gold pieces
 22355 | D:15     | Bought a scroll of immolation for 49 gold pieces
 22355 | D:15     | Bought a scroll of teleportation for 42 gold pieces
 22355 | D:15     | Bought a scroll of teleportation for 42 gold pieces
 22544 | D:15     | Paralysed by a great orb of eyes for 6 turns
 22636 | D:15     | Found a staircase to the Depths.
 22801 | D:15     | Found a glowing silver altar of Zin.
 23093 | D:6      | Found a hide-covered altar of Uskayaw.
 23180 | D:6      | Got a brightly glowing jade ring
 23189 | D:6      | Identified the ring "Xuidd" {*Drain Str+5 Int+8} (You found it on level 6 of the Dungeon)
 23454 | Snake:1  | Entered Level 1 of the Snake Pit
 23473 | Snake:1  | Reached XP level 16. HP: 109/145 MP: 0/23
 24249 | Snake:1  | Reached skill level 1 in Throwing
 24863 | Snake:2  | Noticed Aizul
 24880 | Snake:2  | Killed Aizul
 25206 | Snake:2  | Found Aduenkei's Weapon Emporium.
 25381 | Snake:2  | Noticed Agnes
 25399 | Snake:2  | Killed Agnes
 25970 | Snake:3  | Reached skill level 17 in Long Blades
 26196 | Snake:3  | Found Paurrego's Armour Boutique.
 26556 | Snake:4  | Entered Level 4 of the Snake Pit
 26936 | Snake:4  | Found Susmy's Jewellery Emporium.
 26937 | Snake:4  | Found Zonom's Gadget Shop.
 26938 | Snake:4  | Found Pekigr Mozor's Jewellery Emporium.
 26948 | Snake:4  | Bought a +5 amulet of reflection for 741 gold pieces
 27415 | Snake:4  | Reached XP level 17. HP: 154/154 MP: 25/25
 27434 | Snake:4  | Noticed Vashnia
 28341 | Snake:4  | Reached skill level 15 in Shields
 28515 | Snake:4  | Reached skill level 5 in Throwing
 28527 | Snake:4  | Reached skill level 15 in Armour
 28859 | Snake:4  | Got a serpentine rune of Zot
 29005 | Snake:4  | Killed Vashnia
 29193 | Shoals:1 | Entered Level 1 of the Shoals
 29199 | Shoals:1 | Reached skill level 15 in Fighting
 29331 | Shoals:1 | HP: 5/156 [drowned by a water elemental (6)]
 29331 | Shoals:1 | HP: 1/156 [merfolk javelineer/javelin (4)]
 29331 | Shoals:1 | Mangled by an alligator snapping turtle

Vault maps used:
D:1:      elethiomel_arrival_maze, minmay_misc_feat_nine_boxes
D:2:      serial_undead, serial_undead_d, serial_undead_f, serial_undead_c,
          serial_undead_e, serial_undead_f, serial_undead_e, serial_undead_f,
          minmay_misc_feat_tower, minmay_divided_ellipse, uniq_jessica
D:4:      minmay_temple_entry_crystal_x, nemelex_spade_bored_becter
D:5:      lemuel_coloured_pillars_altar, overflow_temple_1_default,
          lemuel_round_altar, first_bread, wad_floor_pattern_untrapped,
          okawaru_altar_gauntlet_db, uniq_prince_ribbit1
D:6:      nicolae_overflow_hidden_temple, minmay_hollow_rounded_squares
D:7:      nicolae_ru_the_path_less_chosen, serial_shops, shop_statue, uniq_pikel
D:8:      the_bakery
D:9:      ashenzari_altar_1, nicolae_gozag_zags_fifth_avenue, minmay_orc_keep
D:10:     erik_lair_dragon, st_stairs_1, lemuel_flame_loot_1, uniq_snorg,
          uniq_fannar, uniq_grum
D:12:     david_orc_3, basic_altar, uniq_rupert
D:13:     david_vaults_4
D:14:     grunt_decor_one_mirror
D:15:     hangedman_depths_entry_try_elsewhere_first, zin_angel, serial_shops,
          nicolae_shop_trees
Temple:   zaba_magenta_temple
Lair:1:   minivault_19, st_stairs_13, ldierk_geyser, grunt_megastairs_4,
          serial_bayou_shore_a
Lair:2:   guppyfry_snake_entry_garden, uniq_harold
Lair:4:   minmay_shoals_entry_beasts, st_stairs_8, beast_lair_carwin_6,
          uniq_nergalle
Lair:5:   slime_altar_2, beast_lair_carwin_3
Lair:6:   evilmike_catoblepas_cave, grunt_megastairs_1, lemuel_fruit_tree
Shoals:1: st_sunken_huts
Snake:1:  grunt_ministairs_1, st_stairs_6
Snake:2:  serial_shops, shop, uniq_agnes, uniq_aizul
Snake:3:  serial_shops, nicolae_shop_window_shopping, serial_bayou_shore_b
Snake:4:  johnstein_snake_rune_scales, minmay_shop_grove
Orc:1:    cheibrodos_orc_bank, mines_bat_river
Orc:2:    grunt_orc_cross

Skill      XL: |  1  2  3  4  5  6  7  8  9 10 11 12 13 14 15 16 17 |
---------------+----------------------------------------------------+-----
Long Blades    | 3 4 5 6 7 8 9 10 11 12 13 14 15 16 17 | 17.7
Armour         | 4 5 6 7 9 10 11 12 13 14 15 | 15.2
Dodging        | 2 3 5 6 7 9 10 11 12 13 | 13.6
Fighting       | 4 5 6 7 9 10 11 12 13 14 15 | 15.0
Shields        | 4 5 6 7 9 10 11 12 13 14 15 | 15.4
Invocations    | 2 3 4 5 7 8 9 10 11 12 | 12.8
Throwing       | 4 5 |  5.9

Action                   |  1- 3 |  4- 6 |  7- 9 | 10-12 | 13-15 | 16-18 || total
-------------------------+-------+-------+-------+-------+-------+-------++-------
Melee: Long sword        |    86 |   145 |    91 |       |   620 |  1114 ||  2056
       Headbutt          |    10 |    19 |    88 |   208 |   487 |   290 ||  1102
       Unarmed           |       |     7 |       |       |       |       ||     7
       Scimitar          |       |       |   308 |   876 |  1092 |       ||  2276
       Dagger            |       |       |       |    12 |    54 |       ||    66
       Rapier            |       |       |       |     8 |       |       ||     8
Throw: Javelin           |       |       |     2 |       |       |       ||     2
Invok: Lesser Servant of |       |       |       |     6 |     1 |       ||     7
       Greater Servant o |       |       |       |       |       |     1 ||     1
Evoke: Wand              |       |       |       |     9 |       |       ||     9
  Use: Scroll            |       |       |       |    18 |    13 |     8 ||    39
       Potion            |       |       |       |     4 |       |     7 ||    11
 Stab: Distracted        |       |       |       |     5 |     1 |       ||     6
  Eat: Chunk             |       |     6 |     9 |    26 |    37 |    18 ||    96
       Fruit             |       |       |       |     2 |       |     3 ||     5
Armor: Scale mail        |    48 |    65 |    16 |       |       |       ||   129
       Chain mail        |       |       |    73 |       |       |       ||    73
       Plate armour      |       |       |   163 |   429 |   730 |   390 ||  1712
Dodge: Dodged            |    27 |    37 |    99 |   219 |   506 |   301 ||  1189
Block: Shield            |    45 |    87 |   249 |   467 |   469 |       ||  1317
       Large shield      |       |       |       |       |   844 |  1417 ||  2261
       Reflection        |       |       |       |       |       |   107 ||   107
       Rpst.: Long sword |     7 |    11 |     3 |       |    33 |    55 ||   109
       Scimitar          |       |       |    27 |    53 |    88 |       ||   168
